 Dungeon Crawl Stone Soup version 0.30.1-9-gdf580d7c3d (webtiles) character file.

Game seed: 16474185455351725626

1858 eliilek the Basher (level 8, 0/68 HPs)
             Began as a Minotaur Berserker on Oct 10, 2023.
             Was a Priest of Trog.
             Slain by an iguana (7 damage)
             ... on level 6 of the Dungeon on Oct 11, 2023.
             The game lasted 00:11:57 (3758 turns).

eliilek the Basher (Minotaur Berserker)             Turns: 3758, Time: 00:11:58

Health: 0/68       AC: 10    Str: 25    XL:     8   Next: 89%
Magic:  7/7        EV:  9    Int: 10    God:    Trog [***...]
Gold:   289        SH:  0    Dex:  9    Spells: 7/7 levels left

rFire   + . .        a - +1 whip (freeze)
rCold   + . .        (no shield)
rNeg    . . .        e - +0 chain mail
rPois   .            (helmet restricted)
rElec   .            s - scarf {rC+ rF+}
rCorr   .            (no gloves)
SInv    .            z - +0 pair of boots
Will    .....        u - amulet of the acrobat Stlth
                     f - +6 ring of intelligence
HPRegen 0.31/turn    k - ring of flight
MPRegen 0.10/turn

%: acrobat
@: on berserk cooldown, attractive, flying, slowed, very slow
A: horns 2, retaliatory headbutt
a: Renounce Religion, Berserk, Trog's Hand


You were on level 6 of the Dungeon.
You worshipped Trog.
Trog was most pleased with you.
You visited 1 branch of the dungeon, and saw 6 of its levels.

You collected 289 gold pieces.

Inventory:

Hand Weapons
 a - a +1 whip of freezing (weapon)
 b - a +2 sling of flaming
Missiles
 d - 20 poisoned darts (quivered)
 t - a throwing net
Armour
 e - a +0 chain mail (worn)
 s - a scarf of resistance (worn)
 z - a +0 pair of boots (worn)
Jewellery
 f - a +6 ring of intelligence (left hand)
 k - a ring of flight (right hand)
 u - an amulet of the acrobat (around neck)
Wands
 w - a wand of flame (6)
 y - a wand of polymorph (9)
 C - a wand of paralysis (7)
Scrolls
 c - 5 scrolls of teleportation {unknown}
 h - a scroll of blinking
 i - 3 scrolls of amnesia
 m - 4 scrolls of identify
 o - a scroll of vulnerability {unknown}
 p - a scroll of summoning {unknown}
 q - a scroll of fear {unknown}
 v - a scroll of fog {unknown}
Potions
 g - 2 potions of attraction
 j - a potion of ambrosia {unknown}
 l - 2 potions of brilliance {unknown}
 n - a potion of might {unknown}
 r - a potion of curing {unknown}
 x - a potion of cancellation {unknown}
 A - a potion of invisibility {unknown}
 B - 2 potions of flight {unknown}
 D - a potion of lignification {unknown}


   Skills:
 + Level 5.2 Fighting
 - Level 12.0 Maces & Flails
 * Level 4.7 Ranged Weapons
 + Level 4.4 Armour
 - Level 2.1 Dodging


You had 7 spell levels left.
You didn't know any spells.
Your spell library was empty.

Dungeon Overview and Level Annotations

Branches:
Dungeon (6/15)
 Temple: D:4-7

Altars:
Ashenzari
Sif Muna
Wu Jian


Innate Abilities, Weirdness & Mutations

You have a pair of horns on your head.
You reflexively headbutt those who attack you in melee.


Message History

The iguana completely misses you.
The centaur hits you but does no damage.
The centaur kicks you but does no damage.
The centaur wields a +0 shortbow.
The centaur shoots an arrow.
The arrow barely misses you. The iguana completely misses you.
The centaur shoots an arrow.
The arrow closely misses you. The centaur is attracted toward you.
You see here an adder corpse.
You closely miss the centaur.
The iguana bites you but does no damage.
The centaur unwields a +0 shortbow.
The centaur hits you but does no damage.
The centaur kicks you but does no damage.
You hit the centaur. You freeze the centaur. You headbutt the centaur.
The centaur is moderately wounded.
The centaur barely misses you.
The centaur kicks you but does no damage.
The iguana barely misses you. You furiously retaliate!
You headbutt the iguana, but do no damage.
You barely miss the centaur.
The centaur is moderately wounded.
The centaur closely misses you. The centaur misses you. The iguana bites you.
* * * LOW HITPOINT WARNING * * *
You hit the centaur. You freeze the centaur. Your headbutt misses the centaur.
The centaur is heavily wounded.
The centaur hits you but does no damage.
The centaur kicks you but does no damage.
You barely miss the centaur. You headbutt the centaur!
You kill the centaur!
Trog accepts your kill. The iguana barely misses you. You furiously retaliate!
You headbutt the iguana! You closely miss the iguana.
The iguana is heavily wounded.
The iguana bites you.
* * * LOW HITPOINT WARNING * * *
You hit the iguana but do no damage. Your headbutt misses the iguana.
Your punch misses the iguana.
The iguana is heavily wounded.
The iguana bites you!
You die...

## ####### ...
#<..^l### 5...
###.@)..###
5....
###≈)...#§....#
###........#
###.....##
........#
...§.#....
...l.####..
....§## #
#.##.§#


You could see an iguana.

Vanquished Creatures
  Pikel (D:5)
  An ogre (D:3)
  4 black bears (D:5)
  2 centaurs
  A phantom (D:6)
  5 scorpions
  2 hounds (D:6)
  A jelly (D:6)
  2 iguanas
  An orc wizard (D:3)
  3 gnolls (D:4)
  9 adders
  2 shadow imps (D:5)
  A white imp (D:6)
  An ufetubus (D:6)
  A dart slug (D:2)
  4 orcs
  8 ball pythons
  6 endoplasms
  3 giant cockroaches
  5 goblins
  4 hobgoblins
  6 jackals
  3 quokkas
  5 bats
  5 frilled lizards
  10 kobolds
  8 rats
104 creatures vanquished.

Vanquished Creatures (others)
  A sky beast (D:6)
1 creature vanquished.

Grand Total: 105 creatures vanquished

Notes
Turn   | Place    | Note
-------+----------+-------------------------------------------
     0 | D:1      | eliilek the Minotaur Berserker began the quest for the Orb.
     0 | D:1      | Reached XP level 1. HP: 19/19 MP: 0/0
   102 | D:1      | Reached skill level 4 in Maces & Flails
   172 | D:1      | Reached XP level 2. HP: 23/26 MP: 1/1
   284 | D:1      | Reached ** piety under Trog
   323 | D:1      | Reached skill level 5 in Maces & Flails
   549 | D:2      | Reached XP level 3. HP: 31/31 MP: 2/2
   867 | D:2      | Reached skill level 6 in Maces & Flails
   867 | D:2      | Reached XP level 4. HP: 39/39 MP: 3/3
  1198 | D:3      | Found a faded altar of an unknown god.
  1411 | D:3      | Noticed an ogre
  1434 | D:3      | Killed an ogre
  1435 | D:3      | Reached skill level 7 in Maces & Flails
  1435 | D:3      | Reached XP level 5. HP: 45/45 MP: 4/4
  1715 | D:3      | Found an ornate altar of the Wu Jian Council.
  1882 | D:4      | Reached skill level 8 in Maces & Flails
  1882 | D:4      | Reached XP level 6. HP: 35/51 MP: 5/5
  1965 | D:4      | Reached *** piety under Trog
  2311 | D:4      | Found a shimmering blue altar of Sif Muna.
  2355 | D:5      | Entered Level 5 of the Dungeon
  2592 | D:5      | Reached skill level 9 in Maces & Flails
  2743 | D:5      | Reached XP level 7. HP: 57/57 MP: 6/6
  2762 | D:5      | Reached skill level 10 in Maces & Flails
  2866 | D:5      | Noticed Pikel
  2875 | D:5      | Paralysed by Pikel for 4 turns
  2888 | D:5      | Killed Pikel
  2889 | D:5      | Reached skill level 11 in Maces & Flails
  2889 | D:5      | Reached XP level 8. HP: 61/64 MP: 7/7
  2976 | D:5      | Found a broken altar of Ashenzari.
  3044 | D:5      | Reached skill level 12 in Maces & Flails
  3197 | D:5      | Reached skill level 1 in Ranged Weapons
  3742 | D:6      | Reached skill level 5 in Fighting
  3758 | D:6      | Slain by an iguana

Illustrated notes

Levels and vault maps discovered:
D:1:      dpeg_arrival_simpleton_b, layout_rooms
D:2:      layout_basic
D:3:      layout_loops_cross, pdpol_wu_jian_five_deadly_venoms,
          nicolae_ecumenical_oubliette, corexii_leaking_fountain
D:4:      layout_cave_pools, led_sif_pool, kennysheep_generic_room_3
D:5:      layout_basic, mainiacjoe_overflow_alcove_4, uniq_pikel
D:6:      layout_loops_ring, nicolae_uskayaw_suspiria,
          minmay_temple_entry_glassed_door, minmay_crossroads

Skill      XL: |  1  2  3  4  5  6  7  8 |
---------------+-------------------------+-----
Maces & Flails | 4 5 6 7 8 9 11 12 | 12.0
Ranged Weapons | 4 |  4.7
Fighting       | 5 |  5.2
Armour         | 4 |  4.4
Dodging        | |  2.1

Action                     |  1- 3 |  4- 6 |  7- 9 || total
---------------------------+-------+-------+-------++-------
  Melee: Mace              |    73 |    62 |    17 ||   152
         Headbutt          |     9 |    16 |    16 ||    41
         Punch             |     2 |     1 |     1 ||     4
         Whip              |       |       |    81 ||    81
   Fire: Sling             |    16 |    48 |     8 ||    72
 Invoke: Berserk           |       |     1 |     2 ||     3
    Use: Scroll            |       |       |     2 ||     2
         Potion            |       |       |     1 ||     1
 Armour: Chain mail        |    35 |    38 |    54 ||   127
  Dodge: Dodged            |    40 |    27 |    63 ||   130
